 Dungeon Crawl Stone Soup version 0.28-a0-932-g843f935a50 (webtiles) character file.

Game seed: 3451637866489898713

4201 oldriver the Thaumaturge (level 10, 0/73 HPs)
             Began as a Djinni Air Elementalist on Nov 28, 2021.
             Slain by an orc knight (29 damage)
             ... in a bailey.
             The game lasted 00:16:53 (10078 turns).

oldriver the Thaumaturge (Djinni Air Elementalist) Turns: 10078, Time: 00:16:54

Health: 0/73       AC: 13    Str:  7    XL:     10   Next: 54%
Gold:   414        EV: 11    Int: 26    God:
                   SH:  3    Dex: 14

rFire   + + .      SeeInvis .   v - +5 falchion (vorpal)
rCold   x . .      Faith    .   r - +0 buckler
rNeg    . . .      Spirit   .   q - +1 steam dragon scales
rPois   ∞          Reflect  .   c - +2 helmet
rElec   .          Harm     .   p - +0 cloak
rCorr   .          Rampage  .   j - +2 pair of gloves {Stlth+}
Will    +....                   (boots unavailable)
Stlth   +++.......              (no amulet)
HPRegen 0.22/turn               h - +6 ring of intelligence
MPRegen 0.00/turn               b - ring of wizardry

@: flying, studying Spellcasting
A: sickness immunity, fire resistance 2, cold vulnerability 1, float, innate
caster, hp casting, extra vitality 1
a: no special abilities


You were in a bailey.
You visited 1 branch of the dungeon, and saw 8 of its levels.
You also visited: Bailey.

You collected 414 gold pieces.

Inventory:

Hand Weapons
 v - a +5 vorpal falchion (weapon)
Armour
 a - a +2 kite shield
 c - a +2 helmet (worn)
 j - a +2 pair of gloves of stealth (worn)
 p - a +0 cloak (worn)
 q - +1 steam dragon scales (worn)
 r - a +0 buckler (worn)
Jewellery
 b - a ring of wizardry (right hand)
 e - a +4 ring of slaying
 h - a +6 ring of intelligence (left hand)
 o - the ring of Ludaext {rC+ rCorr Str-2 Stlth+}
   (You took it off a goblin in a bailey)

   [ring of protection from cold]

   Str:       It affects your strength (-2).
   rC:        It protects you from cold.
   rCorr:     It protects you from acid and corrosion.
   Stlth:     It makes you more stealthy.
Wands
 m - a wand of acid (10)
 x - a wand of paralysis (6)
Scrolls
 d - 4 scrolls of identify
 f - 2 scrolls of blinking
 i - a scroll of fog
 k - 3 scrolls of teleportation
 w - a scroll of acquirement
 y - 2 scrolls of fear {unknown}
Potions
 l - 2 potions of mutation {unknown}
 n - a potion of brilliance {unknown}
 s - a potion of experience
 t - a potion of ambrosia {unknown}
 u - a potion of berserk rage {unknown}
 z - a potion of heal wounds {unknown}


   Skills:
 * Level 6.5 Fighting
 - Level 2.1 Dodging
 - Level 1.5 Stealth
 + Level 0.3 Unarmed Combat
 + Level 11.7 Spellcasting


You had 12 spell levels left.
You knew the following spells:

 Your Spells              Type           Power      Damage    Failure   Level
a - Shock                 Conj/Air       100%       1d9       1%          1
b - Static Discharge      Conj/Air       66%        N/A       1%          2
c - Swiftness             Air            66%        N/A       1%          3
d - Airstrike             Air            33%        N/A       1%          4
e - Beastly Appendage     Tmut           100%       N/A       1%          1
f - Corpse Rot            Necr/Air       100%       N/A       1%          2
g - Tukima's Dance        Hex            66%        N/A       1%          3
h - Hailstorm             Conj/Ice       66%        3d14      1%          4
Your spell library was empty.

Dungeon Overview and Level Annotations

Branches:
Dungeon (9/15)             Bailey (1/1)
 Temple: D:4-7         Lair: D:8-11         Orc: D:9-12

Altars:
Ashenzari
Dithmenos
Elyvilon
Kikubaaqudgha
Uskayaw
The Shining One

Annotations:
D:4 Sigmund


Innate Abilities, Weirdness & Mutations

You are immune to sickness and miasma.
You are immune to poison.
Your flesh is very heat resistant. (rF++)
You are vulnerable to cold. (rC-)
You float through the air rather than walking.
You learn spells naturally, not from books.
Your magical power is your life essence.
You have superior vitality. (+4 HP)


Message History

Aim: an orc knight, wearing a +0 scale mail (lightly wounded, 67% to hit)
The zap misses the orc knight.
Casting: Shock (safe; 1% risk of failure)
Confirm with . or Enter, or press ? or * to list all spells.
Casting: Hailstorm (safe; 1% risk of failure)
Press: ? - help, Dir - look around, f - activate A cannonade of hail descends around you!
The hail pelts the orc knight!
The orc knight is moderately wounded.
Casting: Hailstorm (safe; 1% risk of failure)
Confirm with . or Enter, or press ? or * to list all spells.
The orc knight is struck by an arc of lightning!
The orc knight is moderately wounded.
You are struck by an arc of lightning.
The orc knight is struck by an arc of lightning!
The orc knight is heavily wounded.
The lightning grounds out.
The orc knight hits you!
Casting: Static Discharge (safe; 1% risk of failure)
Confirm with . or Enter, or press ? or * to list all spells.
The gnoll is struck by an arc of lightning!
You kill the gnoll!
The orc knight is struck by an arc of lightning.
The orc knight is heavily wounded.
The lightning grounds out.
The orc knight is struck by an arc of lightning!
The orc knight is severely wounded.
You are struck by an arc of lightning.
* * * LOW HITPOINT WARNING * * *
The orc knight is struck by an arc of lightning.
The orc knight is almost dead.
You are struck by an arc of lightning.
* * * LOW HITPOINT WARNING * * *
The lightning grounds out.
* * * LOW HITPOINT WARNING * * *
The orc knight barely misses you.
You feel better.
The orc knight roars a battlecry!
The orc knight goes into a battle-frenzy!
The orc knight hits you!!
You die...

...'.....).[.).......#
##........)##.....##
#.....⌠.))o.#######
##...).)[).##
#))))....)#
##..))...## #..)))..#
##))o..## ♣##'@'##♣
♣....)..♣ ♣♣...[...♣♣
♣....∩....♣
♣.........♣♣
♣....∩.....♣
♣..........♣
♣.♣......♣♣♣
♣♣♣♣.♣..♣♣


You could see 2 orc knights.

Vanquished Creatures
  An orc knight (Bailey)
  Pikel (D:4)
  A hornet (D:9)
  Prince Ribbit (D:6)
  2 steam dragons (D:6)
  7 orc warriors (Bailey)
  A black bear (D:4)
  A necrophage (D:4)
  2 ogres
  A phantom (D:6)
  A centaur (D:9)
  3 lemures (D:4)
  A kobold brigand (D:9)
  A gnoll sergeant (D:5)
  2 scorpions
  7 wights (D:6)
  2 jellies
  4 hounds
  6 orc priests
  A centaur skeleton (D:4)
  2 iguanas
  An orc wizard (D:9)
  16 gnolls
  8 adders
  A howler monkey skeleton (D:4)
  3 dart slugs
  21 orcs
  5 bats
  5 endoplasms
  3 giant cockroaches
  29 goblins
  17 hobgoblins
  5 jackals
  5 quokkas
  6 ball pythons
  4 frilled lizards
  11 kobolds
  5 rats
193 creatures vanquished.

Vanquished Creatures (collateral kills)
  An orc warrior (Bailey)
  Robin (D:4)
  An adder (D:4)
  2 gnolls
  A dart slug (D:4)
  An orc (Bailey)
  An endoplasm (D:4)
  A hobgoblin (D:4)
9 creatures vanquished.

Vanquished Creatures (others)
  4 dancing weapons
  A human (D:3)
5 creatures vanquished.

Grand Total: 207 creatures vanquished

Notes
Turn   | Place    | Note
-------+----------+-------------------------------------------
     0 | D:1      | oldriver the Djinni Air Elementalist began the quest for
                  | the Orb.
     0 | D:1      | Reached XP level 1. HP: 15/15 MP: 0/0
   101 | D:1      | Found a faded altar of an unknown god.
   459 | D:1      | Reached XP level 2. HP: 20/22 MP: 0/0
   861 | D:1      | Reached skill level 3 in Spellcasting
   865 | D:1      | Reached XP level 3. HP: 21/26 MP: 0/0
   865 | D:1      | Learned a level 1 spell: Beastly Appendage
  1108 | D:1      | Reached skill level 1 in Fighting
  1832 | D:2      | Found a broken altar of Ashenzari.
  2176 | D:2      | Reached XP level 4. HP: 26/32 MP: 0/0
  3161 | D:3      | Found a shadowy altar of Dithmenos.
  3403 | D:3      | Reached XP level 5. HP: 12/38 MP: 0/0
  3403 | D:3      | Learned a level 2 spell: Corpse Rot
  3418 | D:3      | Reached skill level 4 in Spellcasting
  3655 | D:3      | Noticed a human
  3658 | D:3      | Killed a human
  4023 | D:4      | Noticed Robin
  4029 | D:4      | Killed Robin
  4059 | D:4      | Noticed an ogre
  4273 | D:4      | Noticed Sigmund
  4448 | D:4      | Reached XP level 6. HP: 41/43 MP: 0/0
  4499 | D:4      | Killed an ogre
  4635 | D:4      | Noticed a black bear
  4645 | D:4      | Killed a black bear
  4646 | D:4      | Reached skill level 5 in Spellcasting
  4646 | D:4      | Reached XP level 7. HP: 41/49 MP: 0/0
  4646 | D:4      | Learned a level 3 spell: Tukima's Dance
  4730 | D:4      | Found a hide-covered altar of Uskayaw.
  4733 | D:4      | Noticed Pikel
  5209 | D:4      | Killed Pikel
  5210 | D:4      | Reached skill level 6 in Spellcasting
  5210 | D:4      | Reached XP level 8. HP: 27/58 MP: 0/0
  5644 | D:5      | Entered Level 5 of the Dungeon
  5858 | D:5      | Reached skill level 7 in Spellcasting
  6607 | D:6      | Reached XP level 9. HP: 29/63 MP: 0/0
  6607 | D:6      | Learned a level 4 spell: Hailstorm
  7153 | D:6      | Reached skill level 5 in Fighting
  7153 | D:6      | Reached skill level 8 in Spellcasting
  7158 | D:6      | Found a glowing golden altar of the Shining One.
  8098 | D:6      | Noticed Prince Ribbit
  8101 | D:6      | Killed Prince Ribbit
  8217 | D:9      | Acquired a manual of Spellcasting
  8231 | D:9      | Reached skill level 9 in Spellcasting
  8240 | D:9      | Found a white marble altar of Elyvilon.
  8248 | D:9      | Noticed a hornet
  8251 | D:9      | Killed a hornet
  8254 | D:9      | Reached XP level 10. HP: 19/72 MP: 0/0
  8471 | D:9      | Found a flagged portal.
  8480 | Bailey   | Entered a bailey
  8779 | Bailey   | Reached skill level 10 in Spellcasting
  9302 | Bailey   | Noticed an orc knight
  9323 | Bailey   | Killed an orc knight
  9324 | Bailey   | Reached skill level 11 in Spellcasting
  9332 | Bailey   | Identified the ring of Ludaext {rC+ rCorr Str-2 Stlth+}
 10030 | Bailey   | Noticed an orc knight
 10033 | Bailey   | Noticed an orc warlord
 10037 | Bailey   | Noticed an orc knight
 10038 | Bailey   | Noticed an orc knight
 10078 | Bailey   | Slain by an orc knight

Illustrated notes

Levels and vault maps discovered:
D:1:      psy_arrival_fountain, layout_loops_corners,
          ebering_ecumenical_altar_webs
D:2:      layout_basic, basic_altar
D:3:      layout_loops_ring, lemuel_coloured_pillars_altar, tgw_kikubaaqudgha,
          minmay_misc_feat_square
D:4:      nicolae_BIG_FREAKIN_CUBE, layout_loops_ring, lemuel_crystal_altar,
          uniq_sigmund, uniq_pikel, uniq_robin
D:5:      layout_loops_cross
D:6:      layout_basic, mainiacjoe_overflow_concentric_impassable,
          minmay_quadrilaterals, uniq_prince_ribbit1
D:7:      layout_cave_pods, nicolae_sif_muna_little_library,
          jmf_multi_god_temple2, temple_green, serial_shops,
          nicolae_shop_advertising_works [nicolae_subvault_shop_adworks],
          kennysheep_opposing_triangles
D:9:      layout_roguey, mainiacjoe_overflow_catwalk,
          brannock_xom_greatest_gift, minmay_orc_entry_temple_small,
          enter_bailey_5
Bailey:   bailey_axe_minmay_hex_keep, bailey

Skill      XL: |  1  2  3  4  5  6  7  8  9 10 |
---------------+-------------------------------+-----
Spellcasting   | 3 4 5 6 7 9 11 | 11.7
Fighting       | 1 2 3 4 5 6 |  6.5
Dodging        | |  2.1
Stealth        | |  1.5
Unarmed Combat | |  0.3

Action                   |  1- 3 |  4- 6 |  7- 9 | 10-12 || total
-------------------------+-------+-------+-------+-------++-------
Melee: Unarmed           |       |     4 |       |       ||     4
 Cast: Shock             |    69 |   101 |    42 |    82 ||   294
       Static Discharge  |       |     4 |     9 |    15 ||    28
       Corpse Rot        |       |     1 |       |       ||     1
       Tukima's Dance    |       |       |     9 |    20 ||    29
       Airstrike         |       |       |    68 |    32 ||   100
       Beastly Appendage |       |       |     1 |     1 ||     2
       Hailstorm         |       |       |       |     2 ||     2
  Use: Potion            |       |     5 |     1 |     1 ||     7
       Scroll            |       |     4 |     6 |       ||    10
Armor: Skin              |       |     2 |       |       ||     2
       Robe              |       |       |     3 |       ||     3
       Steam dragon scal |       |       |     1 |    13 ||    14
Dodge: Dodged            |     1 |     8 |    13 |     6 ||    28
Block: Buckler           |       |       |       |     1 ||     1

Table legend: (Time is in decaauts)
 A = Elapsed time spent in this place.
 B = Non-inter-level travel time spent in this place.
 C = Inter-level travel time spent in this place.
 D = Time resting spent in this place.
 E = Time spent auto-exploring this place.
 F = Levels seen in this place.
 G = Mean time per level.
                   A        B        C        D        E       F      G
               +--------+--------+--------+--------+--------+-----+--------+
         Total |  10078 |   9775 |    303 |   2672 |   5960 |   9 | 1119.8 |
       Dungeon |   8480 |   8177 |    303 |   1601 |   5718 |   8 | 1060.0 |
        Bailey |   1597 |   1597 |      0 |   1071 |    242 |   1 | 1597.0 |
               +--------+--------+--------+--------+--------+-----+--------+

Top non-repeatable levels by time:
     D:3: 1750 daAuts
     D:6: 1642 daAuts
  Bailey: 1597 daAuts
     D:1: 1520 daAuts
     D:2: 1191 daAuts
     D:4: 1182 daAuts
     D:5: 924 daAuts
     D:9: 267 daAuts
     D:7: 1 daAuts
